 Dungeon Crawl Stone Soup version 0.31.0-11-ge490571c62 (webtiles) character file.

Game seed: 11940164688777538412

72 sanka the Cudgeller (level 4, -6/40 HPs)
             Began as a Minotaur Fighter on Jan 27, 2024.
             Killed from afar by an orc wizard (9 damage)
             ... with a puff of flame
             ... on level 3 of the Dungeon.
             The game lasted 00:02:10 (1494 turns).

sanka the Cudgeller (Minotaur Fighter)              Turns: 1494, Time: 00:02:10

Health: -6/40      AC:  6    Str: 20    XL:     4   Next: 6%
Magic:  3/3        EV:  9    Int:  5    God:
Gold:   139        SH:  4    Dex: 12    Spells: 3/3 levels left

rFire   . . .        a - +0 flail
rCold   . . .        c - +0 buckler
rNeg    . . .        b - +0 scale mail
rPois   .            (helmet restricted)
rElec   .            (no cloak)
rCorr   .            (no gloves)
SInv    .            (no boots)
Will    .....        (no amulet) Stlth
                     (no ring)
HPRegen 0.26/turn    (no ring)
MPRegen 0.08/turn

%: no passive effects
@: mighty
A: horns 2, retaliatory headbutt
a: no special abilities


You were on level 3 of the Dungeon.
You visited 1 branch of the dungeon, and saw 3 of its levels.

You collected 139 gold pieces.


Innate Abilities, Weirdness & Mutations

You have a pair of horns on your head.
You reflexively headbutt those who attack you in melee.


   Skills:
 - Level 4.0 Fighting
 + Level 5.1 Maces & Flails
 - Level 3.6 Armour
 - Level 3.6 Shields


You had 3 spell levels left.
You didn't know any spells.
Your spell library contained the following spells:

 Spells                   Type           Power      Damage    Failure   Level
 Blink                    Tloc           0%         N/A       95%         2
 Lesser Beckoning         Tloc           0%         N/A       95%         2
 Momentum Strike          Conj/Tloc      0%         3d8       95%         2

Inventory:

Hand Weapons
 a - a +0 flail (weapon)
Armour
 b - a +0 scale mail (worn)
 c - a +0 buckler (worn)
Jewellery
 o - a ring of magical power
Scrolls
 e - a scroll of fog {unknown}
 f - a scroll of torment {unknown}
 g - 2 scrolls of teleportation {unknown}
 k - a scroll of poison {unknown}
 n - a scroll of silence {unknown}
 p - a scroll of amnesia {unknown}
 q - a scroll of butterflies {unknown}
Potions
 d - a potion of might
 h - a potion of mutation {unknown}
 i - a potion of attraction {unknown}
 j - a potion of heal wounds {unknown}
 l - a potion of curing {@q1}
 m - a potion of haste {unknown}
 r - a potion of ambrosia {unknown}

Dungeon Overview and Level Annotations

Branches:
Dungeon (3/15)

Altars:
Kikubaaqudgha

▒▒▒▒.▒▒▒▒..▒..▒
▒..▒▒...... ▒▒....▒..(
▒▒▒▒▒.....▒.▒
▒▒▒...........▒
▒...........<..▒▒
▒.......[.......▒
▒.............▒.▒▒▒▒▒▒
▒.......<.....▒.Hoo..▒
▒▒▒▒▒▒.▒▒▒▒.▒▒▒▒▒▒.....%
▒. ▒.▒ ▒...▒ .. ... ▒.▒
▒.. .▒▒.▒ . ▒. .▒


You could see an orc priest and an orc wizard.


Message History

The orc priest calls upon Beogh to heal the orc wizard.
The orc wizard is healed somewhat.
You hear a shout!
You feel very mighty all of a sudden.
The orc wizard casts a spell.
The orc wizard flickers and vanishes!
Deactivating autopickup; reactivate with Ctrl-A.
The orc wizard casts a spell at you.
The puff of flame hits something!
Unknown command.
You thump something!
Reactivating autopickup.
You feel a bit more experienced.
The orc wizard hits you with a +0 dagger.
* * * LOW HITPOINT WARNING * * *
Your Maces & Flails skill increases to level 5!
You have reached level 4!
You feel agile.
You closely miss the orc wizard.
The orc wizard is moderately wounded.
You block the orc wizard's attack.
The orc priest invokes the aid of Beogh against you.
Beogh smites you!
* * * LOW HITPOINT WARNING * * *
Unknown command.
You sock the orc wizard!
The orc wizard is almost dead.
The orc wizard points at you and mumbles some strange words.
The puff of flame hits you!
You die...

Action                     |  1- 3 |  4- 6 || total
---------------------------+-------+-------++-------
  Melee: Flail             |   100 |     2 ||   102
         Headbutt          |     9 |       ||     9
    Use: Potion            |     2 |       ||     2
 Armour: Scale mail        |    70 |     1 ||    71
  Dodge: Dodged            |    40 |       ||    40
  Block: Buckler           |    28 |     1 ||    29

Levels and vault maps discovered:
D:1:      dpeg_arrival_rhombus, layout_basic, chequers_mini_garden
D:2:      layout_loops_cross, basic_altar
D:3:      layout_rooms, shapermc_ecumenical_altar_pompeii

Notes
Turn   | Place    | Note
-------+----------+-------------------------------------------
     0 | D:1      | sanka the Minotaur Fighter began the quest for the Orb.
     0 | D:1      | Reached XP level 1. HP: 19/19 MP: 0/0
   208 | D:1      | Reached skill level 4 in Fighting
   431 | D:1      | Reached skill level 3 in Maces & Flails
   431 | D:1      | Reached XP level 2. HP: 27/27 MP: 1/1
   748 | D:2      | Found an ancient bone altar of Kikubaaqudgha.
  1010 | D:2      | Reached skill level 4 in Maces & Flails
  1013 | D:2      | Reached XP level 3. HP: 32/33 MP: 2/2
  1493 | D:3      | Reached skill level 5 in Maces & Flails
  1493 | D:3      | Reached XP level 4. HP: 15/40 MP: 3/3
  1493 | D:3      | HP: 2/40 [orc priest/divine providence (13)]
  1494 | D:3      | Killed from afar by an orc wizard

Vanquished Creatures
  An orc wizard (D:3)
  An adder (D:3)
  A ribbon worm (D:3)
  A dart slug (D:2)
  2 orcs
  3 endoplasms
  A giant cockroach (D:3)
  A goblin (D:1)
  5 hobgoblins
  3 jackals (D:2)
  6 kobolds
  A quokka (D:3)
  5 ball pythons
  3 bats (D:1)
  3 frilled lizards
  3 rats
40 creatures vanquished.
